 Dungeon Sprint DCSS version 0.30.1-4-g462c640d31 (webtiles) character file.

Game seed: 4607812880723173988

4095 browni3141 the Spry (level 10, -29/59 HPs)
             Began as a Felid Berserker on Sept 6, 2023.
             Was the Champion of Trog.
             Killed from afar by a fire giant (72 damage)
             ... with a fireball
             ... in the Dungeon (Sprint IX: "|||||||||||||||||||||||||||||").
             The game lasted 00:03:41 (1630 turns).

browni3141 the Spry (Felid Berserker)               Turns: 1630, Time: 00:03:41

Health: -29/59     AC:  2    Str: 16    XL:     10   Next: 5%
Magic:  11/11      EV: 39    Int:  9    God:    Trog [******]
Gold:   96         SH:  0    Dex: 23    Spells: 9/9 levels left
                                        Lives:  0   Deaths: 2

rFire   . .          .
                       - Unarmed
rCold   . . .        (shield unavailable)
rNeg    . . .        (body armour unavailable)
rPois   .            (helmet unavailable)
rElec   .            (cloak unavailable)
rCorr   .            (gloves unavailable)
SInv    +            (boots unavailable)
Will    +....        (no amulet)
Stlth   +++++        J - +3 ring of strength
HPRegen 0.29/turn    K - +3 ring of dexterity
MPRegen 0.12/turn

%: no teleportation
@: quick
A: very small, claws 1, fangs 3, see invisible, speed 1, shaggy fur 2, stealthy
paws, no weapons or thrown items, no armour, multi-lived
a: Renounce Religion, Berserk, Trog's Hand, Brothers in Arms


You were in the Dungeon.
You worshipped Trog.
Trog was exalted by your worship.
You visited 1 branch You collected 96 gold pieces.

Inventory:

Jewellery
 J - a +3 ring of strength (left paw)
 K - a +3 ring of dexterity (right paw)
Wands
 I - a wand of iceblast (8)
 M - a wand of digging (5)
Scrolls
 f - 5 scrolls of blinking
 r - a scroll of identify
 F - a scroll of fog
 L - a scroll of fear
Potions
 e - a potion of berserk rage
 h - 2 potions of haste
 i - a potion of invisibility
 m - 4 potions of magic
 C - 6 potions of curing
 H - 4 potions of heal wounds
 N - 2 potions of lignification {unknown}


   Skills:
 + Level 16.4 Fighting
 + Level 20.8 Dodging
 + Level 10.0 Stealth
 + Level 16.5 Unarmed Combat
 + Level 7.6 Evocations


You had 9 spell levels left.
You didn't know any spells.
Your spell library was empty.

Dungeon Overview and Level Annotations

Branches:
Dungeon (1/1)

Altars:
Cheibriados
Dithmenos
Elyvilon
Fedhas
Gozag
Hepliaklqana
Kikubaaqudgha
Makhleb
Nemelex Xobeh
Okawaru
Qazlal
Ru
Sif Muna
Trog
Uskayaw
Vehumet
Wu Jian
Xom
Yredelemnul
Zin
The Shining One
Jiyva
Lugonu

Annotations:
D exclusion: door


Innate Abilities, Weirdness & Mutations

You have sharp claws.
You have razor-sharp teeth.
You have supernaturally acute eyesight. (SInv)
You cover ground quickly. (Speed+)
You are covered in thick fur. (AC +2)
Your paws help you pounce on unaware monsters.
You are incapable of wielding weapons or throwing items.
You cannot wear armour.
You gain extra lives every three experience levels.


Message History

Trog accepts your kill.
The manticore flicks its tail.
The volley of spikes misses you.
A water elemental comes into view.
The merfolk javelineer hits you from afar with a +0 spear.
You see here a +0 trident.
You mangle the manticore!!
The manticore is heavily wounded.
The manticore bites you. The manticore misses you.
The manticore completely misses you.
You mangle the manticore!!
The manticore is almost dead.
The merfolk javelineer completely misses you.
You claw the manticore!
You kill the manticore!
Trog accepts your kill.
You are no longer berserk.
You are exhausted.
You feel yourself slow down.
The merfolk hits you from afar with a +0 trident.
The merfolk javelineer throws a silver javelin.
The silver javelin misses you.
You closely miss the merfolk javelineer.
The merfolk completely misses you.
The merfolk javelineer completely misses you.
You scratch the merfolk javelineer.
You bite the merfolk javelineer, but do no damage.
The merfolk javelineer is lightly wounded.
The merfolk completely misses you.
The merfolk javelineer throws a silver javelin.
The silver javelin pierces through you!
* * * LOW HITPOINT WARNING * * *
x2 You closely miss the merfolk javelineer.
The merfolk javelineer is lightly wounded.
The merfolk completely misses you.
The merfolk javelineer throws a silver javelin.
The silver javelin completely misses you.
Unknown command.
Okay, then.
You feel much better. The merfolk misses you.
The merfolk javelineer throws a silver javelin.
The silver javelin pierces through you!!
* * * LOW HITPOINT WARNING * * *
You die...
The merfolk closely misses you.
You are now level 9!
You rejoin the land of the living...
Unknown command.
Snorg the Insatiable comes into view.
Snorg shouts!
A red film seems to cover your vision as you go berserk!
You feel yourself moving faster!
You feel mighty! Snorg completely misses you. x3
You mangle Snorg!! You claw Snorg! Your bite misses Snorg.
Snorg is heavily wounded.
You eviscerate Snorg!!! Your claw misses Snorg.
Snorg is almost dead.
Snorg barely misses you. Snorg misses you. x2
You mangle Snorg!!
You kill Snorg!
Trog accepts your kill.
Your Stealth skill increases to level 10!
Welcome back to level 10!
No target in view!
No target in view!
Calm down first, please.
You start waiting.
You feel a strong urge to attack something.
You start waiting.
You are no longer berserk.
You are exhausted.
You feel yourself slow down.
You start waiting.
You feel yourself speed up.
You recover from your berserk rage.
You open the door.
A naga mage, 2 black mambas, 2 salamander mystics and a naga ritualist come into view.
A salamander mystic is wielding a +1 quarterstaff of draining.
You close the door.
Press: ? - help, v - describe, . - travel A closed door.
Placed new exclusion.
Reduced exclusion size to a single square.
You open the door.
A golden dragon, a vampire mage, 3 giants and a two-headed ogre come into view.
A fire giant is wielding a +2 great sword of flaming.
The ettin shouts in stereo!
The two-headed ogre shouts in stereo!
The stone giant shouts!
The fire giant shouts!
You hear a deafening roar!
The fire giant casts a spell at you.
The fireball explodes!
The fireball engulfs you!
Your cyclops goes berserk!
The vampire mage gestures wildly while chanting.
The vampire mage flickers and vanishes for a moment.
You swap places.
The two-headed ogre changes into a glowing shapeshifter!
The fire giant points at you and mumbles some strange words.
The fireball explodes!
The fireball engulfs your cyclops!!!
The fireball engulfs the fire giant!
The fire giant resists.
The fireball engulfs you!!!!
Ouch! That really hurt!
You die...

÷▓.▓.▓
▓.▓S▓.▓D▓
†▓.▓)▓
▓.▓m▓.▓V▓
'▓.▓.▓
▓.▓H▓.▓C▓
.▓.▓.▓
▓.▓m▓.▓C▓
.▓.▓)▓
▓.▓m▓.▓p▓
.▓.▓)▓
▓.▓†▓.▓.▓
.▓.▓)▓
▓.▓)▓.▓C▓
.▓.▓)▓
▓.▓)▓.▓C▓
?▓.▓)▓
▓.▓'▓.▓@▓
|▓.▓)▓
▓.▓.▓.▓.▓
.▓)▓'▓
▓.▓.▓.▓.▓
!▓.▓.▓
▓)▓.▓.▓.▓
!▓.▓.▓
▓.▓.▓.▓.▓
.▓.▓.▓
▓.▓.▓.▓.▓
!▓.▓.▓
▓.▓.▓.▓.▓
.▓.▓.▓
▓.▓.▓.▓.▓
'▓.▓.▓
▓.▓.▓.▓.▓


You could see a fire giant (ally target), a stone giant, an ettin, a glowing
shapeshifter, a vampire mage (invisible) and a friendly cyclops (summoned,
berserk).

Vanquished Creatures
  Josephine (D)
  Snorg (D)
  Harold (D)
  A hydra (D)
  Erolcha (D)
  A skeletal warrior (D)
  2 orc knights (D)
  An orc sorcerer (D)
  A manticore (D)
  A cane toad (D)
  2 black mambas (D)
  Joseph (D)
  A komodo dragon (D)
  An efreet (D)
  A yaktaur (shapeshifter) (D)
  A troll (D)
  2 merfolk (D)
  A polar bear (D)
  2 tyrant leeches (D)
  4 blink frogs (D)
  5 wraiths (D)
  A yak (D)
  2 wyverns (D)
  A steam dragon (D)
  2 basilisks (D)
  5 vampire mosquitoes (D)
  2 water moccasins (D)
  4 orc warriors (D)
  An ice beast (D)
  A phantom (D)
  5 bullfrogs (D)
  A hound (D)
  3 orc priests (D)
  An iguana (D)
  8 orc wizards (D)
  An adder (D)
  3 orcs (D)
  A ball python (D)
  An endoplasm (D)
  A quokka (D)
  A goblin (D)
  A rat (D)
78 creatures vanquished.

Notes
Turn   | Place    | Note
-------+----------+-------------------------------------------
     0 | D        | browni3141 the Felid Berserker began the quest for the Orb.
     0 | D        | Reached XP level 1. HP: 10/10 MP: 2/2
    10 | D        | Reached ** piety under Trog
    18 | D        | Noticed an iguana
    18 | D        | Noticed a hound
    18 | D        | Noticed an ice beast
    18 | D        | Noticed a phantom
    23 | D        | Killed a phantom
    24 | D        | Reached skill level 7 in Dodging
    24 | D        | Reached XP level 2. HP: 16/16 MP: 3/3
    24 | D        | Reached XP level 3. HP: 19/19 MP: 4/4
    24 | D        | Reached XP level 4. HP: 23/23 MP: 5/5
    71 | D        | Killed an ice beast
    71 | D        | Reached *** piety under Trog
    72 | D        | Reached skill level 6 in Fighting
    72 | D        | Reached skill level 9 in Dodging
    72 | D        | Reached skill level 6 in Unarmed Combat
    72 | D        | Reached XP level 5. HP: 28/28 MP: 6/6
    84 | D        | Found a snail-covered altar of Cheibriados.
    84 | D        | Found a shadowy altar of Dithmenos.
    84 | D        | Found a white marble altar of Elyvilon.
    84 | D        | Found a blossoming altar of Fedhas.
    84 | D        | Found an opulent altar of Gozag.
    85 | D        | Found a hazy altar of Hepliaklqana.
    86 | D        | Found a viscous altar of Jiyva.
    87 | D        | Found an ancient bone altar of Kikubaaqudgha.
    88 | D        | Found a corrupted altar of Lugonu.
    89 | D        | Found a burning altar of Makhleb.
    90 | D        | Found a sparkling altar of Nemelex Xobeh.
    91 | D        | Found an iron altar of Okawaru.
    92 | D        | Found a stormy altar of Qazlal.
    93 | D        | Found a sacrificial altar of Ru.
    94 | D        | Found a shimmering blue altar of Sif Muna.
    95 | D        | Found a bloodstained altar of Trog.
    96 | D        | Found a hide-covered altar of Uskayaw.
    97 | D        | Found a radiant altar of Vehumet.
    98 | D        | Found an ornate altar of the Wu Jian Council.
    99 | D        | Found a shimmering altar of Xom.
   100 | D        | Found a basalt altar of Yredelemnul.
   101 | D        | Found a glowing silver altar of Zin.
   102 | D        | Found a glowing golden altar of the Shining One.
   139 | D        | Noticed a vampire mosquito
   139 | D        | Noticed a vampire mosquito
   139 | D        | Noticed a yak
   144 | D        | Killed a yak
   145 | D        | Reached skill level 11 in Dodging
   145 | D        | Gained mutation: You are covered in thick fur. (AC +2)
                  | [Felid growth]
   145 | D        | Reached XP level 6. HP: 34/34 MP: 7/7
   146 | D        | Reached **** piety under Trog
   153 | D        | Killed a vampire mosquito
   154 | D        | Reached skill level 9 in Fighting
   154 | D        | Reached skill level 12 in Dodging
   154 | D        | Reached skill level 9 in Unarmed Combat
   154 | D        | Reached XP level 7. HP: 38/38 MP: 8/8
   160 | D        | Killed a vampire mosquito
   160 | D        | Reached ***** piety under Trog
   190 | D        | Noticed a troll
   190 | D        | Noticed a skeletal warrior
   190 | D        | Noticed an efreet
   190 | D        | Noticed a basilisk
   190 | D        | Noticed a yaktaur
   196 | D        | Killed a yaktaur
   197 | D        | Reached skill level 13 in Dodging
   205 | D        | Killed a basilisk
   206 | D        | Reached XP level 8. HP: 44/44 MP: 9/9
   209 | D        | Killed an efreet
   210 | D        | Reached skill level 14 in Dodging
   219 | D        | Killed a skeletal warrior
   220 | D        | Reached skill level 12 in Fighting
   220 | D        | Reached skill level 15 in Dodging
   220 | D        | Reached skill level 12 in Unarmed Combat
   222 | D        | Killed a troll
   223 | D        | Reached XP level 9. HP: 24/49 MP: 10/10
   431 | D        | Noticed a black mamba
   437 | D        | Reached skill level 16 in Dodging
   443 | D        | Killed a black mamba
   443 | D        | Reached ****** piety under Trog
   466 | D        | Reached skill level 17 in Dodging
   621 | D        | Noticed a komodo dragon
   621 | D        | Noticed a polar bear
   621 | D        | Noticed a six-headed hydra
   623 | D        | Noticed a black mamba
   631 | D        | Killed a six-headed hydra
   632 | D        | Reached XP level 10. HP: 12/56 MP: 11/11
   635 | D        | Reached skill level 18 in Dodging
   788 | D        | Noticed a cane toad
   794 | D        | Killed a black mamba
   806 | D        | Killed a cane toad
   862 | D        | Reached skill level 15 in Fighting
   862 | D        | Reached skill level 19 in Dodging
   862 | D        | Reached skill level 15 in Unarmed Combat
   881 | D        | Reached skill level 3 in Stealth
   950 | D        | Noticed Josephine
   965 | D        | Killed Josephine
   966 | D        | Reached skill level 3 in Evocations
   968 | D        | Reached XP level 11. HP: 61/61 MP: 12/12
  1036 | D        | Noticed Erolcha
  1043 | D        | Killed Erolcha
  1044 | D        | Reached skill level 6 in Stealth
  1062 | D        | Noticed Joseph
  1078 | D        | Killed Joseph
  1079 | D        | Reached skill level 20 in Dodging
  1128 | D        | Noticed an orc sorcerer
  1139 | D        | Killed an orc sorcerer
  1272 | D        | Noticed an orc knight
  1272 | D        | Noticed an orc knight
  1273 | D        | Noticed an orc knight
  1280 | D        | Killed an orc knight
  1281 | D        | Reached skill level 6 in Evocations
  1289 | D        | Killed an orc knight
  1303 | D        | HP: 2/62 [orc priest/divine providence (10)]
  1305 | D        | Killed from afar by an orc priest
  1306 | D        | Reached XP level 10. HP: -9/58 MP: 11/11
  1315 | D        | Noticed Harold
  1329 | D        | Killed Harold
  1330 | D        | Reached skill level 9 in Stealth
  1425 | D        | Noticed a harpy
  1425 | D        | Noticed a merfolk javelineer
  1425 | D        | Noticed a manticore
  1434 | D        | Noticed a sea snake
  1441 | D        | Killed a manticore
  1446 | D        | Hit by a silver javelin thrown by a merfolk javelineer
  1447 | D        | Reached XP level 9. HP: -1/55 MP: 10/10
  1470 | D        | Noticed Snorg
  1479 | D        | Killed Snorg
  1480 | D        | Reached XP level 10. HP: 59/59 MP: 11/11
  1531 | D        | Noticed a salamander mystic
  1531 | D        | Noticed a naga mage
  1531 | D        | Noticed a black mamba
  1531 | D        | Noticed a black mamba
  1531 | D        | Noticed a salamander mystic
  1531 | D        | Noticed a naga ritualist
  1628 | D        | Noticed a golden dragon
  1628 | D        | Noticed a vampire mage
  1628 | D        | Noticed a stone giant
  1628 | D        | Noticed an ettin
  1628 | D        | Noticed a two-headed ogre
  1628 | D        | Noticed a fire giant
  1630 | D        | a two-headed ogre changed into a glowing shapeshifter
  1630 | D        | Noticed a glowing shapeshifter (glowing shapeshifter)
  1630 | D        | Killed from afar by a fire giant

Illustrated notes

Levels and vault maps discovered:
D:        linesprint [early_d, line_temple, items_1, d_10, items_2, lair_1,
          lair_end, items_3, orc_1, orc_end, items_4, d_15, swamp_1, shoals_1,
          snake_1, spider_1, d_20, vaults_1, items_5, swamp_end, shoals_end,
          snake_end, spider_end, vaults_end, d_27, items_6, zot_1, zot_end,
          crypt_end, forest_end, elf_end, slime_end, tomb_end, abyss_end,
          pan_hell_end]

Skill      XL: |  1  2  3  4  5  6  7  8  9 10 11 |
---------------+----------------------------------+-----
Fighting       | 5 6 8 9 10 12 14 15 16 | 16.4
Dodging        | 7 9 11 12 13 15 17 19 20 | 20.8
Unarmed Combat | 5 6 8 9 10 12 14 15 16 | 16.5
Stealth        | 10 9 8 | 10.0
Evocations     | 7 6 |  7.6

Action                     |  1- 3 |  4- 6 |  7- 9 | 10-12 || total
---------------------------+-------+-------+-------+-------++-------
  Melee: Unarmed           |    12 |    21 |    77 |   175 ||   285
         Bite              |     1 |     2 |    10 |    26 ||    39
         Punch             |       |     1 |     5 |    20 ||    26
 Invoke: Berserk           |     1 |     2 |     4 |     7 ||    14
         Brothers in Arms  |       |       |       |     1 ||     1
  Evoke: Wand              |       |       |       |     2 ||     2
    Use: Potion            |       |       |       |     1 ||     1
   Stab: Distracted        |       |     1 |       |     1 ||     2
         Sleeping          |       |       |     1 |     1 ||     2
 Armour: Skin              |       |       |       |     2 ||     2
  Dodge: Dodged            |     7 |    12 |    74 |   111 ||   204
